 Dungeon Crawl Stone Soup version 0.27-a0-1188-g73eefd5def (webtiles) character file.

Game seed: 11103024265534310833

11309 chippings the Fighter (level 11, -7/92 HPs)
             Began as a Mummy Gladiator on May 20, 2021.
             Was an Elder of Okawaru.
             Mangled by a two-headed ogre
             ... wielding a +0 giant spiked club
              (14 damage)
             ... on level 10 of the Dungeon.
             The game lasted 00:26:44 (12911 turns).

chippings the Fighter (Mummy Gladiator)            Turns: 12911, Time: 00:26:45

Health: -7/92      AC: 13    Str: 20    XL:     11   Next: 47%
Magic:  15/15      EV:  6    Int:  8    God:    Okawaru [****..]
Gold:   453        SH:  0    Dex: 14    Spells: 10/10 levels left

rFire    x . .     SeeInvis .   t - +2 morningstar (drain)
rCold    + + .     Faith    .   (no shield)
rNeg     + + +     Spirit   .   j - +0 plate armour
rPois    ∞         Reflect  .   c - +0 helmet
rElec    .         Harm     .   l - +1 cloak
rCorr    .         Rampage  .   (no gloves)
Will     +....                  (no boots)
Stlth    ..........             (no amulet)
HPRegen  0.25/turn              z - ring of protection from cold
MPRegen  0.14/turn              (no ring)

@: studying Polearms
A: cold resistance 1, negative energy resistance 3, torment resistance 2, heat
vulnerability 1, no potions
a: Renounce Religion, Heroism


You were on level 10 of the Dungeon.
You worshipped Okawaru.
Okawaru was greatly pleased with you.
You visited 2 branches of the dungeon, and saw 11 of its levels.

You collected 634 gold pieces.
You spent 181 gold pieces at shops.

Inventory:

Hand Weapons
 b - a +0 great mace
 e - a +1 dagger of venom
 q - the +3 hand axe of the Shouting Badger {vorpal, rF+ rCorr Str+9 Int-5}
   (You found it on level 5 of the Dungeon)

   It inflicts extra damage upon your enemies.
   It affects your strength (+9).
   It affects your intelligence (-5).
   It protects you from fire.
   It protects you from acid and corrosion.
 t - a +2 morningstar of draining (weapon)
 w - a +1 war axe of electrocution
Missiles
 d - 7 throwing nets
 f - 20 poisoned darts (quivered)
 x - 8 curare-tipped darts
Armour
 c - a +0 helmet (worn)
 j - a +0 plate armour (worn)
 l - a +1 cloak (worn)
 n - +0 acid dragon scales
 s - a +0 buckler
Jewellery
 z - a ring of protection from cold (left hand)
Wands
 u - a wand of flame (20)
 v - a wand of iceblast (3)
Scrolls
 a - 2 scrolls of noise
 g - 2 scrolls of immolation
 h - 2 scrolls of fog
 i - a scroll of enchant weapon
 k - 2 scrolls of enchant armour
 m - 2 scrolls of blinking
 o - a scroll of brand weapon
 p - 4 scrolls of magic mapping
 r - 2 scrolls of teleportation
 y - 8 scrolls of identify


   Skills:
 + Level 10.8 Fighting
 - Level 4.9(8.0) Axes
 * Level 9.8(10.3) Maces & Flails
 - Level 1.5 Throwing
 - Level 2.4 Dodging
 + Level 5.4 Invocations
 + Level 3.8 Evocations


You had 10 spell levels left.
You didn't know any spells.
Your spell library contained the following spells:

 Spells                   Type           Power      Damage    Failure   Level
 Confusing Touch          Hex            0%         N/A       100%        3
 Gell's Gravitas          Tloc           0%         N/A       100%        3
 Petrify                  Tmut/Erth      0%         N/A       100%        4
 Bolt of Magma            Conj/Fire/Erth 0%         4d4       100%        5
 Iskenderun's Battlesphe  Conj           0%         2d6       100%        5
 Metabolic Englaciation   Hex/Ice        0%         N/A       100%        5
 Yara's Violent Unravell  Hex/Tmut       0%         3d3       100%        5
 Iron Shot                Conj/Erth      0%         9d1       100%        6
 Orb of Destruction       Conj           0%         N/A       100%        7
 Spellforged Servitor     Conj/Summ      0%         N/A       100%        7


Dungeon Overview and Level Annotations

Branches:
Dungeon (10/15)            Temple (1/1) D:5             Orc (0/2) D:9
   Lair: D:8-11

Altars:
Ashenzari
Cheibriados
Dithmenos
Elyvilon
Fedhas
Gozag
Hepliaklqana
Kikubaaqudgha
Makhleb
Okawaru
Qazlal
Ru
Sif Muna
Trog
Uskayaw
Vehumet
Wu Jian
Xom
Zin
The Shining One

Shops:
D:5 ?   D:6 *   D:8 :*(?(


Innate Abilities, Weirdness & Mutations

You are immune to poison.
Your flesh is cold resistant. (rC+)
You are immune to negative energy. (rN+++)
You are immune to unholy pain and torment.
You are vulnerable to heat. (rF-)
You do not drink.


Message History

You thump the yak! You drain the yak.
The yak is heavily wounded.
The yak closely misses you.
You sock the yak!
The yak is severely wounded.
The yak gores you!
You hit the yak.
The yak is almost dead.
The yak closely misses you.
You hit the yak but do no damage.
The yak is almost dead.
The yak gores you.
You hit the yak.
You kill the yak!
Okawaru accepts your kill.
You see here a yak corpse.
f - 19 poisoned darts (gained 1)
f - 20 poisoned darts (gained 1)
Things that are here:
a +0 great mace; a +0 giant spiked club
b - a +0 great mace You now have 453 gold pieces (gained 14).
Found a scroll of magic mapping.
o - a scroll labelled CUC YL LUODEO
As you read the scroll of identify, it crumbles to dust.
o - a scroll of brand weapon A two-headed ogre comes into view.
It is wielding a +0 giant spiked club and a +0 giant club.
You see here a scroll of magic mapping.
p - 4 scrolls of magic mapping (gained 1)
You hear a bellow!
You hit the two-headed ogre but do no damage.
The two-headed ogre hits you with a +0 giant spiked club!!
The two-headed ogre hits you with a +0 giant club!!
You impale the two-headed ogre!! You drain the two-headed ogre!
The two-headed ogre is heavily wounded.
A yak comes into view.
The two-headed ogre hits you with a +0 giant spiked club!!
* * * LOW HITPOINT WARNING * * *
The two-headed ogre hits you with a +0 giant club!
You die...

#...##...# ##.####..##
.. #Y ##...###...#
.##... ###...##....##
#.#.... Y##...#....###
.......
Y.##...#.))..####..#....
Y##.....#))...##........
.#Y....#.....###........
.>..[>........##@O.#.#
...# ##
.#............##....##
♣P♣.###P
##...#.....#.##......#


...PPPPP ###...#.....###...).##. ........ ####.#.....###!......... ........
#.........#.#...##...... ........ ........................ ........
.........)........!..... ........ ........................ ........ You could
see a two-headed ogre (drained) and a yak (wandering).

Vanquished Creatures
  Erolcha (D:9)
  Harold (D:7)
  2 two-headed ogres
  2 shadows (D:10)
  A vampire (D:7)
  20 yaks
  A wyvern (D:7)
  A steam dragon (D:8)
  Eustachio (D:6)
  An acid dragon (D:5)
  2 water moccasins
  3 ice beasts
  5 orc warriors
  4 sky beasts
  An ogre (D:3)
  3 necrophages
  5 centaurs
  3 phantoms
  2 kobold brigands
  4 bullfrogs
  A scorpion (D:6)
  2 wyvern zombies
  2 troll zombies (D:9)
  2 water moccasin skeletons
  9 wights
  7 howler monkeys
  3 electric eels (D:10)
  A centaur zombie (D:8)
  4 hounds (D:5)
  3 orc priests
  A centaur skeleton (D:6)
  A bullfrog skeleton (D:6)
  9 orc wizards
  Natasha (thrice) (D:4)
  A killer bee zombie (D:6)
  6 ogre zombies (D:9)
  A hound zombie (D:5)
  A howler monkey zombie (D:9)
  A howler monkey skeleton (D:6)
  10 gnolls
  5 adders
  A shadow imp (D:6)
  4 white imps
  2 dart slugs
  28 orcs
  3 ball pythons
  5 endoplasms
  A giant cockroach (D:1)
  10 goblins
  7 hobgoblins
  7 jackals (D:3)
  5 quokkas
  11 bats
  2 frilled lizards
  3 goblin zombies (D:9)
  4 hobgoblin zombies (D:9)
  17 kobolds
  An orc skeleton (D:9)
  17 orc zombies (D:9)
  6 rats
270 creatures vanquished.

Vanquished Creatures (others)
  A bush (D:10)
1 creature vanquished.

Grand Total: 271 creatures vanquished

Notes
Turn   | Place    | Note
-------+----------+-------------------------------------------
     0 | D:1      | chippings the Mummy Gladiator began the quest for the Orb.
     0 | D:1      | Reached XP level 1. HP: 16/16 MP: 1/1
   161 | D:1      | Reached XP level 2. HP: 22/22 MP: 2/2
  1061 | D:2      | Reached XP level 3. HP: 27/28 MP: 3/3
  1309 | D:2      | Found a faded altar of an unknown god.
  1407 | D:3      | Noticed an ogre
  1646 | D:3      | Killed an ogre
  1647 | D:3      | Reached skill level 3 in Fighting
  1647 | D:3      | Reached XP level 4. HP: 27/35 MP: 4/4
  1791 | D:3      | Reached XP level 5. HP: 32/41 MP: 5/5
  2280 | D:4      | Noticed Natasha
  2437 | D:4      | Killed Natasha
  2722 | D:4      | Noticed Natasha
  2733 | D:4      | Killed Natasha
  2845 | D:4      | Reached XP level 6. HP: 44/48 MP: 6/6
  2902 | D:4      | Noticed Natasha
  2922 | D:4      | Killed Natasha
  2923 | D:4      | Reached skill level 4 in Fighting
  2923 | D:4      | Reached skill level 5 in Maces & Flails
  3321 | D:5      | Entered Level 5 of the Dungeon
  3344 | D:5      | Identified the +3 hand axe of the Shouting Badger {vorpal,
                  | rF+ rCorr Str+9 Int-5}
  3400 | D:5      | Found Cugaja Fypn's Magic Scroll Shoppe.
  3485 | D:5      | Bought a scroll of magic mapping for 45 gold pieces
  3485 | D:5      | Bought a scroll of teleportation for 39 gold pieces
  3485 | D:5      | Bought a scroll of blinking for 97 gold pieces
  3612 | D:5      | Noticed a two-headed ogre
  3921 | D:6      | Noticed an ice beast
  3921 | D:6      | Noticed an acid dragon
  3939 | D:5      | Reached skill level 1 in Axes
  4074 | D:5      | Killed an acid dragon
  4075 | D:5      | Reached XP level 7. HP: 37/55 MP: 7/7
  4213 | D:6      | Reached skill level 5 in Fighting
  4793 | D:6      | Reached XP level 8. HP: 31/64 MP: 8/8
  5111 | D:6      | Reached skill level 6 in Fighting
  5290 | D:6      | Reached skill level 7 in Fighting
  5379 | D:6      | Found Wuquodd's Assorted Antiques.
  5441 | D:6      | Noticed Eustachio
  5493 | D:6      | Killed Eustachio
  5494 | D:6      | Reached XP level 9. HP: 42/74 MP: 9/9
  6051 | D:5      | Reached skill level 8 in Fighting
  6158 | D:5      | Killed a two-headed ogre
  6467 | D:5      | Reached skill level 9 in Fighting
  6554 | D:5      | Found a staircase to the Ecumenical Temple.
  6575 | Temple   | Entered the Ecumenical Temple
  6659 | Temple   | Became a worshipper of Warmaster Okawaru
  7068 | D:7      | Reached skill level 1 in Invocations
  7625 | D:7      | Noticed Harold
  7675 | D:7      | Reached * piety under Okawaru
  7676 | D:7      | Reached XP level 10. HP: 36/83 MP: 11/11
  7677 | D:7      | Killed Harold
  8257 | D:7      | Reached ** piety under Okawaru
  8333 | D:7      | Reached skill level 1 in Evocations
  8626 | D:8      | Reached skill level 10 in Fighting
  8998 | D:8      | Found Egatar's Weapon Boutique.
  9154 | D:8      | Found Izoppec's Assorted Antiques.
  9159 | D:8      | Found Esourr's Weapon Emporium.
  9168 | D:8      | Noticed a seven-headed hydra
  9560 | D:8      | Found Esia's Magic Scroll Emporium.
  9646 | D:8      | Found Anefaty's Book Shop.
 10159 | D:9      | Found a staircase to the Orcish Mines.
 10176 | D:9      | Noticed Erolcha
 10200 | D:9      | Killed Erolcha
 10200 | D:9      | Reached *** piety under Okawaru
 10437 | D:9      | Reached XP level 11. HP: 71/92 MP: 14/14
 11621 | D:10     | Entered Level 10 of the Dungeon
 11999 | D:10     | Reached **** piety under Okawaru
 12000 | D:10     | Reached skill level 5 in Invocations
 12385 | D:10     | Noticed a two-headed ogre
 12392 | D:10     | Killed a two-headed ogre
 12904 | D:10     | Noticed a two-headed ogre
 12911 | D:10     | Mangled by a two-headed ogre

Illustrated notes

Levels and vault maps discovered:
D:1:      mrwooster_arrival_statue_3, layout_loops_corners, serial_aquarium,
          aquarium_bridge_long_joined [aquarium_subvault_window,
          aquarium_subvault_bridge, aquarium_subvault_bridge,
          aquarium_subvault_window, aquarium_subvault_bridge,
          aquarium_subvault_wall], aquarium_bridge_island_small
          [aquarium_subvault_small_open, aquarium_subvault_bridge,
          aquarium_subvault_bridge, aquarium_subvault_bridge,
          aquarium_subvault_wall], aquarium_window_1, aquarium_window_2,
          aquarium_window_1, aquarium_window_2, aquarium_view_2e,
          aquarium_balcony_3a, minmay_stone_trees_small
D:2:      layout_basic, chequers_ecumenical_altar_island,
          uniq_crazy_yiuf_cottage, uniq_jessica
D:3:      layout_rooms, pf_just_have_faith
D:4:      layout_rooms, uniq_natasha
D:5:      layout_loops_ring, minmay_temple_entry_fiery, serial_shops,
          nicolae_shop_waterfront, st_stairs_13, small_statue_intersection,
          kennysheep_generic_room_15
D:6:      minmay_chambers_of_threes, layout_cave_pools, serial_column_ruins,
          column_ruins_grid_3, column_ruins_columns_T, column_ruins_open_tiny,
          column_ruins_columns_straight, column_ruins_columns_corner,
          column_ruins_corridor_water, serial_shops,
          nicolae_shop_temple_entry_statues_fountains, hangedman_decor_growths,
          chequers_serial_rivers_marsh, uniq_eustachio
D:7:      layout_loops_ring, minmay_manual_moon, uniq_harold
D:8:      layout_rooms, serial_shops, shop, nicolae_shop_stone,
          nicolae_shop_stone, nicolae_shop_statue_plus, shop,
          amcnicky_mini_rare_corridor_liquid, nicolae_wwwww, grunt_ministairs_2
D:9:      layout_roguey, zombieorc2_lemuel, kennysheep_small_square,
          uniq_erolcha
D:10:     kennysheep_blocky_room, layout_cross, serial_park, serial_park_gazebo
          [serial_park_minivault_5x5_3], serial_park_fountain,
          hangedman_decor_opposing
Temple:   nicolae_temple_the_god_donut

Skill      XL: |  1  2  3  4  5  6  7  8  9 10 11 |
---------------+----------------------------------+-----
Maces & Flails | 3 4 5 6 7 9 |  9.8
Fighting       | 3 4 5 7 9 10 | 10.8
Axes           | 2 4 |  4.9
Invocations    | 2 4 5 |  5.4
Evocations     | 2 3 |  3.8
Throwing       | |  1.5
Dodging        | |  2.4

Action                   |  1- 3 |  4- 6 |  7- 9 | 10-12 || total
-------------------------+-------+-------+-------+-------++-------
Melee: Flail             |    85 |   150 |       |       ||   235
       Dagger            |    11 |     4 |       |       ||    15
       Hand axe          |       |    29 |   270 |   228 ||   527
       Morningstar       |       |       |       |   145 ||   145
Throw: Dart              |     4 |       |    15 |    10 ||    29
Invok: Heroism           |       |       |       |     2 ||     2
Evoke: Wand              |       |     1 |     6 |     7 ||    14
  Use: Scroll            |       |     7 |     2 |     6 ||    15
 Stab: Sleeping          |     1 |       |       |       ||     1
Armor: Leather armour    |    21 |       |       |       ||    21
       Plate armour      |    45 |   175 |   210 |   205 ||   635
Dodge: Dodged            |    54 |    68 |   138 |   143 ||   403

Table legend: (Time is in decaauts)
 A = Elapsed time spent in this place.
 B = Non-inter-level travel time spent in this place.
 C = Inter-level travel time spent in this place.
 D = Time resting spent in this place.
 E = Time spent auto-exploring this place.
 F = Levels seen in this place.
 G = Mean time per level.
                   A        B        C        D        E       F      G
               +--------+--------+--------+--------+--------+-----+--------+
         Total |  12973 |  12700 |    273 |   2828 |   6589 |  11 | 1179.4 |
       Dungeon |  12864 |  12611 |    253 |   2828 |   6589 |  10 | 1286.4 |
        Temple |    108 |     88 |     20 |      0 |      0 |   1 |  108.0 |
               +--------+--------+--------+--------+--------+-----+--------+

Top non-repeatable levels by time:
     D:6: 1836 daAuts
     D:5: 1725 daAuts
     D:7: 1622 daAuts
     D:8: 1511 daAuts
    D:10: 1285 daAuts
     D:9: 1241 daAuts
     D:4: 1186 daAuts
     D:1: 1063 daAuts
     D:3: 870 daAuts
     D:2: 521 daAuts
  Temple: 108 daAuts
